 Dungeon Crawl Stone Soup version 0.31-a0-1074-g0b22e4e0f1 (webtiles) character file.

Game seed: 7417248603200248233

113503 ProzacElf the Unseen (level 16, -34/85 HPs)
             Began as a Spriggan Delver on Mar 10, 2023.
             Was a High Priest of Fedhas.
             Killed from afar by Nikola (92 damage)
             ... with an arc of chain lightning
             ... on level 1 of the Swamp on Dec 3, 2023.
             The game lasted 02:01:51 (41535 turns).

ProzacElf the Unseen (Spriggan Delver)             Turns: 41535, Time: 02:01:51

Health: -34/85     AC:  8    Str: 10    XL:     16   Next: 14%
Magic:  0/28       EV: 23    Int: 16    God:    Fedhas [*****.]
Gold:   1516       SH:  0    Dex: 21    Spells: 14/25 levels left

rFire   + . .        a - +6 quick blade (venom)
rCold   + . .        (no shield)
rNeg    . . .        p - +1 swamp dragon scales
rPois   +            (helmet restricted)
rElec   .            H - scarf {rC+ rF+}
rCorr   .            (gloves unavailable)
SInv    +            (boots unavailable)
Will    +++..        m - amulet of guardian spirit
Stlth   ++++++       s - ring of Uqodwo {rC+ Dex+3 Slay+2, =R}
HPRegen 0.34/turn    F - ring of willpower
MPRegen 0.21/turn

%: guardian spirit
@: very quick
A: very small, no large weapons, unfitting armour, see invisible, speed 3, no
potion heal 1, cold vulnerability 1
a: Renounce Religion, Wall of Briars, Grow Ballistomycete, Overgrow, Grow Oklob


You were on level 1 of the Swamp.
You worshipped Fedhas.
Fedhas was extremely pleased with you.
You visited 5 branches of the dungeon, and saw 24 of its levels.
You also visited: Ossuary and Ice Cave.

You collected 3091 gold pieces.
You spent 1575 gold pieces at shops.

Inventory:

Hand Weapons
 a - a +6 quick blade of venom (weapon)
 b - a +2 scimitar of flaming
 o - a +0 demon blade of freezing
Missiles
 y - 2 throwing nets
 B - 48 poisoned darts (quivered)
 O - 19 boomerangs
 P - 5 curare-tipped darts
Armour
 p - +1 swamp dragon scales (worn)
 D - a +0 buckler
 H - a scarf of resistance (worn)
Jewellery
 m - an amulet of guardian spirit (around neck)
 s - a ring of Uqodwo (left hand) {rC+ Dex+3 Slay+2, =R}
   (You found it in an ice cave)

   [ring of protection from cold]

   Dex+3:     It affects your dexterity (+3).
   Slay+2:    It affects your accuracy & damage with ranged weapons and melee
   (+2).
   rC+:       It protects you from cold.
 w - a +6 ring of dexterity
 F - a ring of willpower (right hand)
 L - a +4 ring of protection
 Q - an amulet of reflection
 R - a +6 ring of dexterity
 U - a ring of protection from fire
 Z - a +4 ring of protection
Wands
 g - a wand of digging (5)
 r - a wand of flame (20)
 G - a wand of iceblast (10)
 T - a wand of paralysis (4)
 Y - a wand of polymorph (5)
Scrolls
 c - 5 scrolls of fog
 d - 6 scrolls of revelation
 e - a scroll of fear
 i - 7 scrolls of teleportation
 q - 8 scrolls of immolation
 u - 7 scrolls of identify
 z - 5 scrolls of poison
 C - 2 scrolls of blinking
 J - a scroll of summoning
 K - 5 scrolls of vulnerability
 S - a scroll of silence {unknown}
Potions
 f - 4 potions of haste
 k - 9 potions of curing
 l - a potion of ambrosia {!e}
 n - 3 potions of lignification
 t - a potion of berserk rage
 x - 3 potions of invisibility
 A - 4 potions of brilliance
 E - 5 potions of mutation
 I - 7 potions of enlightenment
 M - a potion of cancellation
 N - a potion of resistance
 V - 3 potions of attraction
 W - 5 potions of might
Miscellaneous
 h - a phial of floods
 j - a box of beasts
 v - a tin of tremorstones (2/2)


   Skills:
 - Level 10.0 Fighting
 - Level 8.7 Short Blades
 - Level 5.0 Throwing
 + Level 11.1 Dodging
 + Level 15.9 Stealth
 - Level 5.0 Spellcasting
 + Level 3.2 Necromancy
 - Level 10.0 Translocations
 - Level 5.0 Fire Magic
 - Level 5.0 Air Magic
 - Level 5.0 Poison Magic
 - Level 15.0 Invocations
 - Level 15.0 Evocations


You had 14 spell levels left.
You knew the following spells:

 Your Spells              Type           Power      Damage    Failure   Level
a - Cigotuvi's Dreadful   Necr/Pois/Air  36%        N/A       10%         2
b - Manifold Assault      Tloc           36%        N/A       6%          4
c - Volatile Blastmotes   Fire/Tloc      56%        2d14      5%          3
o - Blink                 Tloc           72%        N/A       1%          2

Your spell library contained the following spells:

 Spells                   Type           Power      Damage    Failure   Level
 Lesser Beckoning         Tloc           72%        N/A       1%          2
 Gell's Gravitas          Tloc           36%        N/A       1%          3
 Teleport Other           Tloc           36%        N/A       1%          3
 Passage of Golubria      Tloc           36%        N/A       6%          4
 Portal Projectile        Hex/Tloc       40%        N/A       16%         3
 Freeze                   Ice            16%        1d4       36%         1
 Airstrike                Air            10%        2d(2-18)  45%         4
 Iskenderun's Mystic Bla  Conj/Tloc      20%        2d6       45%         4
 Ensorcelled Hibernation  Hex/Ice        8%         N/A       52%         2
 Dispersal                Tloc           18%        N/A       69%         6
 Call Canine Familiar     Summ           4%         N/A       75%         3
 Hailstorm                Conj/Ice       4%         3d4       75%         3
 Tukima's Dance           Hex            4%         N/A       75%         3
 Summon Lightning Spire   Summ/Air       12%        N/A       80%         4
 Anguish                  Hex/Necr       4%         N/A       90%         4
 Fulminant Prism          Conj/Hex       2%         3d5       98%         4
 Leda's Liquefaction      Hex/Erth       2%         N/A       98%         4
 Lightning Bolt           Conj/Air       6%         1d18      98%         5
 Lee's Rapid Deconstruct  Erth           2%         3d4*      100%        5
 Yara's Violent Unravell  Hex/Tmut       2%         3d3       100%        5
 Maxwell's Capacitive Co  Air            10%        ∞         100%        8


Dungeon Overview and Level Annotations

Branches:
Dungeon (15/15)            Temple (1/1) D:4            Lair (5/5) D:10
  Swamp (1/4) Lair:2        Snake (0/4) Lair:2        Slime (0/5) Lair:5
    Orc (2/2) D:12            Elf (0/3) Orc:2        Vaults (0/5) D:13
 Depths (0/4) D:15        Ossuary (visited)           IceCv (visited)

Altars:
Ashenzari
Cheibriados
Dithmenos
Elyvilon
Fedhas
Gozag
Hepliaklqana
Kikubaaqudgha
Makhleb
Nemelex Xobeh
Okawaru
Qazlal
Ru
Sif Muna
Trog
Uskayaw
Vehumet
Wu Jian
Xom
Yredelemnul
Zin
The Shining One
Jiyva

Shops:
D:2 !   D:8 *   D:10 *   Orc:1 [[*   Orc:2 [(:*

Annotations:
D:9 1 runed translucent door, SirDiesAlot's ghost, novice DsFE
Swamp:1 Nikola


Innate Abilities, Weirdness & Mutations

You are very small and have problems with some larger weapons.
You are too small for most types of armour.
You have supernaturally acute eyesight. (SInv)
You cover ground extremely quickly. (Speed+++)
Potions are less effective at restoring your health.
You are vulnerable to cold. (rC-)


Message History

Ye now haf 22/28 mp.
Aimin': Grow Oklob (1% risk o' failure)
Press: ? - help, Dir - move target An oklob plant grows from tha ground.
Yer oklob plant spits acid at Nikola.
Tha splash o' acid hits Nikola!!
Tha acid corrodes Nikola!
Ye now haf 16/28 mp.
Aimin': Throw Flame
Press: ? - help, Shift-Dir - straight line, f - Nikola
Aim: Nikola, wieldin' a +0 rapier o' electrocution, wearin' a +0 cloak an' wearin' a +2 pair o' gloves (lightly wounded, cov'red in acid, 'lly target, 81% ta hit) Tha puff o' flame hits Nikola!
Nikola be lightly wounded.
Yer oklob plant spits acid at Nikola.
Tha splash o' acid hits Nikola!
Nikola seems ta be corroded fer longer.
Nikola casts a spell.
Lightnin' arcs from Nikola's hands!
Tha bolt o' lightnin' hits yer oklob plant!!!
Tha bolt o' lightnin' hits Nikola!
Tha bolt o' lightnin' hits ye!!
Tha bolt o' lightnin' hits yer oklob plant!!!
Tha bolt o' lightnin' hits tha bog body!!!
Tha bog body be destroyed!
Ye hear a shout!
Ye hear a deafenin' roar!
Ye take 28 damage, an' haf 57/85 hp.
MASSIVE DAMAGE!!
Ye now haf 10/28 mp.
Ye puncture Nikola!
Nikola be poison'd.
Ye puncture Nikola!
Nikola looks as sick as possible!
Nikola be moderately wounded.
Yer oklob plant spits acid at Nikola.
Tha splash o' acid hits Nikola!!
Nikola seems ta be corroded fer longer.
Yer oklob plant spits acid at Nikola.
Tha splash o' acid hits Nikola!
Nikola seems ta be corroded fer longer.
Nikola hits yer oklob plant wit' a +0 rapier o' electrocution!
Ye catch tha helpless Nikola completely off-guard!
Ye stick Nikola like a pincushion!!!
Nikola looks as sick as possible!
Ye puncture Nikola!
Nikola looks as sick as possible!
Nikola be almost dead.
Nikola casts a spell.
Lightnin' arcs from Nikola's hands!
Tha bolt o' lightnin' hits ye!!!!
Ouch! Tha re'lly hurt!
Ye die...
Fedhas appreciates yer contribution ta tha ecosystem.

♣♣♣. ♣ ♣..♣
♣.♣♣~~~
♣.♣~~~
♣.....
♣...P♣
♣..~~♣♣
♣.@@<♣
♣./...~P.♣
~.♣~~.~♣.♣
~.~~.♣....
.~~♣..~~~.♣
^~ ~♣♣.~.~~
§ . ♣♣.~♣.♣
~~ ♣♣~♣..


You could see Nikola (extremely poisoned, corroded, ally target) and 2 friendly
oklob plants.

Vanquished Creatures
  Jorgrun (D:15)
  Frances (D:14)
  Agnes (D:15)
  An azure jelly (IceCv)
  2 orc warlords
  3 quicksilver oozes (IceCv)
  4 hydras
  8 vault guards
  3 centaur warriors
  An ogre mage (D:12)
  5 two-headed ogres
  Erica (Lair:1)
  2 death yaks (Lair:4)
  Urug (D:11)
  An orc high priest (Orc:2)
  Sonja (Lair:4)
  Nergalle (D:11)
  3 skysharks (Lair:5)
  Pikel (D:4)
  2 necromancers
  2 occultists (D:15)
  5 orc knights
  4 deep elf pyromancers
  A wolf spider zombie (D:15)
  3 cyclopes
  8 orc sorcerers
  14 ugly things
  A naga mage (D:15)
  3 black mambas
  A guardian serpent (shapeshifter) (D:14)
  11 elephants
  An ice statue (IceCv)
  16 cane toads
  2 torpor snails (Lair:4)
  A centaur skeleton (D:15)
  A cane toad (shapeshifter) (D:13)
  2 gargoyles
  3 komodo dragons
  An unseen horror (D:11)
  2 kobold demonologists
  A tengu conjurer (D:15)
  6 rime drakes
  An efreet (D:13)
  2 trolls
  3 polar bears
  2 tyrant leeches (Lair:4)
  A hornet (D:9)
  A harpy skeleton (D:15)
  46 blink frogs
  Prince Ribbit (D:6)
  A centaur simulacrum (D:15)
  A meliai zombie (D:15)
  Sigmund (D:6)
  A shadow (D:13)
  12 slime creatures
  48 yaks
  10 wyverns
  2 hogs (D:9)
  2 wraiths (D:12)
  A vampire (D:12)
  A human (D:9)
  4 basilisks
  4 steam dragons
  10 vampire mosquitoes
  5 wargs
  An acid dragon (D:8)
  11 water moccasins
  Duvessa (D:5)
  A black bear (D:5)
  5 ogres
  28 orc warriors
  6 great orb of eyes simulacra (IceCv)
  An ice beast (D:6)
  23 wolves
  4 boggarts (D:14)
  A lemure (D:4)
  7 centaurs
  3 kobold brigands (D:10)
  A phantom (D:4)
  2 slime creature simulacra (IceCv)
  17 bullfrogs
  4 scorpions
  2 glowing shapeshifter simulacra (IceCv)
  2 water moccasin zombies (Ossuary)
  2 wights
  Dowan (D:5)
  15 killer bees
  5 electric eels
  4 howler monkeys
  A crimson imp (D:5)
  5 jellies
  A quasit (D:5)
  14 orc priests
  A gnoll bouda (D:6)
  2 hounds
  Crazy Yiuf (D:5)
  Jessica (D:2)
  5 iguanas
  5 shapeshifter simulacra (IceCv)
  7 hell rats
  16 orc wizards
  4 yak simulacra (Lair:3)
  2 wolf simulacra (Lair:3)
  2 human simulacra (D:13)
  2 mummies (Ossuary)
  Robin (D:4)
  11 gnolls
  6 adders
  A shadow imp (D:5)
  5 white imps
  8 ufetubi
  7 adder zombies (Ossuary)
  2 worms
  4 dart slugs
  52 orcs
  4 bats
  10 endoplasms
  10 goblins
  14 hobgoblins
  4 jackals
  9 kobolds
  7 quokkas
  3 ball pythons
  4 frilled lizards
  2 gnoll zombies (Ossuary)
  5 hobgoblin zombies (Ossuary)
  A kobold zombie (Ossuary)
  6 orc zombies (Ossuary)
  3 rats
  5 river rat simulacra (Lair:3)
  A spectral goblin (D:2)
693 creatures vanquished.

Vanquished Creatures (collateral kills)
  Rupert (D:15)
  An azure jelly (IceCv)
  2 hydras
  A death yak (Lair:4)
  A tengu warrior (D:15)
  A skyshark (Lair:3)
  An orc sorcerer (Orc:2)
  A black mamba (Lair:4)
  A gargoyle (D:11)
  4 cane toads
  A rime drake (Lair:5)
  A blink frog (Lair:4)
  A wyvern (Lair:4)
  3 yaks (Lair:4)
  2 vampire mosquitoes (Lair:5)
  3 orc warriors (Orc:2)
  A bullfrog (Lair:5)
  2 orc priests (Orc:2)
  An orc (Orc:2)
  20 ballistomycete spores
49 creatures vanquished.

Vanquished Creatures (others)
  A bog body (Swamp:1)
  A warg (Orc:2)
  A phantom (D:6)
  2 bullfrogs (Lair:5)
  A quasit (D:6)
  2 sleepcaps (D:6)
  An orc wizard (Orc:1)
  2 ufetubi (D:6)
  2 orcs
  2 ballistomycete spores
15 creatures vanquished.

Grand Total: 757 creatures vanquished

Notes
Turn   | Place    | Note
-------+----------+-------------------------------------------
     0 | D:5      | ProzacElf the Spriggan Delver began the quest for the Orb.
     0 | D:5      | Reached XP level 1. HP: 11/11 MP: 2/2
    56 | D:5      | Found a sand-covered staircase.
    60 | Ossuary  | Entered an ossuary
   132 | Ossuary  | Reached XP level 2. HP: 14/16 MP: 3/3
   386 | Ossuary  | Reached XP level 3. HP: 19/19 MP: 4/4
   389 | Ossuary  | Reached XP level 4. HP: 17/23 MP: 5/5
   621 | Ossuary  | Reached skill level 5 in Dodging
   621 | Ossuary  | Reached XP level 5. HP: 27/27 MP: 6/6
   684 | D:5      | Found a blossoming altar of Fedhas.
   692 | D:5      | Became a worshipper of Fedhas Madash
   745 | D:4      | Found a staircase to the Ecumenical Temple.
   766 | D:4      | Noticed a lemure
   766 | D:4      | Noticed a lemure
   769 | D:4      | Noticed Pikel
   796 | D:4      | Noticed a lemure
   827 | D:4      | Noticed Robin
   878 | D:4      | Killed Robin
   885 | D:4      | Reached skill level 10 in Stealth
   930 | D:4      | Found a glowing silver altar of Zin.
   930 | D:4      | Found an opulent altar of Gozag.
  1026 | D:4      | Reached skill level 1 in Evocations
  1047 | D:3      | Reached skill level 1 in Invocations
  1047 | D:3      | Reached XP level 6. HP: 11/32 MP: 6/8
  1333 | D:2      | Noticed Jessica
  1346 | D:2      | Killed Jessica
  1448 | D:2      | Found a faded altar of an unknown god.
  1539 | D:2      | Reached * piety under Fedhas
  1652 | D:2      | Found Xaot Col's Distillery.
  1657 | D:2      | Bought a potion of curing for 39 gold pieces
  3086 | D:3      | Reached ** piety under Fedhas
  3670 | D:4      | Killed Pikel
  3671 | D:4      | Reached skill level 5 in Invocations
  3671 | D:4      | Reached skill level 5 in Evocations
  3671 | D:4      | Reached XP level 7. HP: 13/35 MP: 8/12
  3870 | Temple   | Entered the Ecumenical Temple
  4328 | D:4      | Reached XP level 8. HP: 39/39 MP: 13/13
  4857 | D:5      | Noticed Dowan
  5022 | D:5      | Killed Dowan
  5153 | D:5      | Found a shimmering blue altar of Sif Muna.
  5158 | D:5      | Noticed Duvessa
  5168 | D:5      | Killed Duvessa
  5174 | D:5      | Got Sif Muna's Parchment of the Nimbus
  5179 | D:5      | Found a bloodstained altar of Trog.
  5469 | D:5      | Found a runed translucent door.
  5470 | D:5      | Noticed Crazy Yiuf
  5826 | D:5      | Found a burning altar of Makhleb.
  6012 | D:5      | Found a hazy altar of Hepliaklqana.
  6013 | D:5      | Found a shimmering altar of Xom.
  6014 | D:5      | Noticed a spectral ugly thing
  6080 | D:5      | Killed Crazy Yiuf
  6106 | D:6      | Noticed Prince Ribbit
  6110 | D:6      | Killed Prince Ribbit
  6425 | D:6      | Found a snail-covered altar of Cheibriados.
  6440 | D:6      | Reached *** piety under Fedhas
  7292 | D:6      | Reached XP level 9. HP: 36/43 MP: 17/17
  7360 | D:6      | Noticed Sigmund
  7363 | D:6      | Killed Sigmund
  7421 | D:6      | Reached skill level 10 in Invocations
  7484 | D:6      | Reached skill level 1 in Spellcasting
  7484 | D:6      | Reached skill level 1 in Poison Magic
  7665 | D:6      | Upgraded the game from 0.30-a0-867-g305f33218d to
                  | 0.30-a0-879-ga8ba668304
  9302 | D:7      | Found an ornate altar of the Wu Jian Council.
  9333 | D:7      | Reached XP level 10. HP: 53/53 MP: 18/18
  9334 | D:7      | Reached XP level 11. HP: 58/58 MP: 19/19
  9338 | D:7      | Learned a level 2 spell: Blink
  9554 | D:8      | Identified 2 scrolls of acquirement
  9554 | D:8      | Acquired a +2 quick blade of venom
  9557 | D:8      | Acquired 921 gold pieces
  9755 | D:8      | Found Xiogaff's CLEARANCE SALE!.
  9761 | D:8      | Reached skill level 1 in Translocations
  9932 | D:8      | Reached **** piety under Fedhas
 10209 | D:8      | Found a white marble altar of Elyvilon.
 10843 | D:9      | Found a stormy altar of Qazlal.
 10993 | D:9      | Reached skill level 10 in Dodging
 11059 | D:9      | Reached skill level 5 in Translocations
 11198 | D:9      | Found an ancient bone altar of Kikubaaqudgha.
 11438 | D:9      | Noticed a two-headed ogre
 11507 | D:9      | Killed a two-headed ogre
 11957 | D:9      | Found a runed translucent door.
 11958 | D:9      | Noticed SirDiesAlot's ghost (novice DsFE)
 11965 | D:9      | Identified the +10 trident of the Evening {flame, +Blink
                  | Int+6}
 12171 | D:10     | Entered Level 10 of the Dungeon
 12309 | D:10     | Found Lisu's Serpentskin Sales.
 12313 | D:10     | Reached XP level 12. HP: 62/62 MP: 20/20
 12314 | D:10     | Bought a ring of poison resistance for 260 gold pieces
 13024 | D:10     | Found a staircase to the Lair.
 13276 | D:10     | Reached ***** piety under Fedhas
 13345 | D:10     | Reached skill level 15 in Stealth
 13689 | Lair:1   | Entered Level 1 of the Lair of Beasts
 13756 | Lair:1   | Noticed Erica
 13764 | Lair:1   | Killed Erica
 13884 | Lair:1   | Reached skill level 10 in Evocations
 13890 | Lair:1   | Reached skill level 1 in Throwing
 13972 | Lair:1   | Reached skill level 5 in Poison Magic
 14946 | Lair:1   | Reached skill level 5 in Throwing
 14949 | Lair:1   | Learned a level 2 spell: Cigotuvi's Dreadful Rot
 14954 | Lair:1   | Learned a level 4 spell: Manifold Assault
 16123 | Lair:2   | Noticed a seven-headed hydra
 16159 | Lair:2   | Killed a seven-headed hydra
 16174 | Lair:2   | Reached XP level 13. HP: 41/68 MP: 14/22
 16336 | Lair:2   | Found a staircase to the Snake Pit.
 16512 | Lair:2   | Found a staircase to the Swamp.
 17714 | Lair:3   | HP: 2/68 [skyshark (6)]
 17985 | Lair:3   | You fall into a shaft and drop 1 floor!
 18028 | Lair:4   | Noticed Sonja
 18200 | Lair:4   | Found a gate leading to a gauntlet.
 18275 | Lair:4   | HP: 1/70 [blink frog (9)]
 20265 | Lair:3   | HP: 3/71 [rime drake/icy flash freeze (13)]
 20913 | Lair:3   | Reached skill level 10 in Fighting
 21371 | Lair:4   | Reached XP level 14. HP: 39/73 MP: 15/24
 21586 | Lair:4   | Killed Sonja
 22340 | Lair:5   | Entered Level 5 of the Lair of Beasts
 24721 | Lair:5   | Reached skill level 15 in Invocations
 24861 | Lair:5   | Reached skill level 1 in Air Magic
 24872 | Lair:5   | Identified the +1 short sword of the Madman {heavy, Int+3}
 26416 | Lair:5   | Found a viscous altar of Jiyva.
 26417 | Lair:5   | Found a staircase to the Slime Pits.
 26462 | Lair:5   | Reached skill level 5 in Spellcasting
 26804 | D:11     | Noticed Nergalle
 26869 | D:11     | Killed Nergalle
 27031 | D:11     | Noticed Urug
 27087 | D:11     | Killed Urug
 27285 | D:11     | Found a frozen archway.
 27299 | IceCv    | Entered an ice cave
 27518 | IceCv    | Got Kaumnal's Compendium of Freezing
 27895 | IceCv    | Learned a level 3 spell: Volatile Blastmotes
 27902 | IceCv    | Noticed a quicksilver ooze
 27906 | IceCv    | Killed a quicksilver ooze
 28027 | IceCv    | Noticed a quicksilver ooze
 28034 | IceCv    | Killed a quicksilver ooze
 28049 | IceCv    | Noticed a quicksilver ooze
 28213 | IceCv    | Killed a quicksilver ooze
 28391 | IceCv    | Reached ****** piety under Fedhas
 28517 | IceCv    | Noticed an azure jelly
 28567 | IceCv    | Killed an azure jelly
 28744 | IceCv    | Noticed an azure jelly
 28766 | IceCv    | Killed an azure jelly
 28882 | IceCv    | Found a viscous altar of Jiyva.
 28900 | IceCv    | Got a ring of Uqodwo {rC+ Dex+3 Slay+2}
 29171 | D:11     | Gained mutation: You are vulnerable to cold. (rC-) [a
                  | neqoxec]
 29173 | D:11     | Gained mutation: Potions are less effective at restoring
                  | your health. [a neqoxec]
 29229 | D:11     | Found a white marble altar of Elyvilon.
 29649 | D:11     | Reached skill level 5 in Air Magic
 29829 | D:11     | Reached skill level 10 in Translocations
 29829 | D:11     | Reached XP level 15. HP: 42/80 MP: 15/27
 30015 | D:12     | Identified the +11 hand axe "Transmigrator" {freeze, Str+7}
 30124 | D:12     | Found a staircase to the Orcish Mines.
 30143 | D:12     | Reached skill level 1 in Fire Magic
 31271 | Orc:1    | Entered Level 1 of the Orcish Mines
 31287 | Orc:1    | Found Peloav's Antique Armour Shop.
 31296 | Orc:1    | Bought a smoking cloak for 323 gold pieces
 31296 | Orc:1    | Identified the +0 cloak of Evolution {rPois} (You bought it
                  | in a shop on level 1 of the Orcish Mines)
 31609 | Orc:1    | Found Renluesy's General Store.
 31633 | Orc:1    | Bought a wand of paralysis (4) for 96 gold pieces
 31633 | Orc:1    | Bought a wand of flame (6) for 42 gold pieces
 31946 | Orc:1    | Found Tipp's Antique Armour Shoppe.
 32262 | Orc:2    | Entered Level 2 of the Orcish Mines
 33092 | Orc:2    | Found a staircase to the Elven Halls.
 34465 | Orc:2    | Found Ochuev's General Store.
 34500 | Orc:2    | Found Dawo's Book Shop.
 34620 | Orc:2    | Found Qorr's Antique Weapon Shop.
 34635 | Orc:2    | Found Qachip's Antique Armour Shop.
 34642 | Orc:2    | Bought a fine robe for 165 gold pieces
 34642 | Orc:2    | Identified the +2 robe "Qyetos" {rC+ MP+9 Str+3} (You
                  | bought it in a shop on level 2 of the Orcish Mines)
 34887 | D:13     | Found a gate to the Vaults.
 35877 | D:12     | Reached skill level 5 in Fire Magic
 35882 | D:12     | HP: 4/80 [poisoned by a vault guard]
 36700 | D:10     | Bought +0 swamp dragon scales for 650 gold pieces
 38218 | D:14     | Upgraded the game from 0.30-a0-879-ga8ba668304 to
                  | 0.30-a0-883-g5ad918d77d
 38686 | D:14     | Noticed Frances
 38865 | D:14     | Killed Frances
 39227 | D:14     | Reached skill level 15 in Evocations
 39497 | D:15     | Entered Level 15 of the Dungeon
 39514 | D:15     | Noticed Rupert
 39674 | D:15     | Noticed Jorgrun
 39701 | D:15     | Killed Jorgrun
 39702 | D:15     | Reached skill level 1 in Necromancy
 40203 | D:15     | Killed Rupert
 40564 | D:15     | Reached XP level 16. HP: 79/85 MP: 23/28
 40848 | D:15     | Found a staircase to the Depths.
 41198 | D:15     | Noticed Agnes
 41205 | D:15     | Killed Agnes
 41257 | D:15     | Upgraded the game from 0.30-a0-883-g5ad918d77d to
                  | 0.31-a0-1074-g0b22e4e0f1
 41529 | Swamp:1  | Entered Level 1 of the Swamp
 41529 | Swamp:1  | Noticed Nikola
 41535 | Swamp:1  | Killed from afar by Nikola

Illustrated notes

Levels and vault maps discovered:
D:1:      dpeg_arrival_court, layout_rooms
D:2:      layout_basic, dreamdust_ecumenical_altar_drowned_temple, serial_shops,
          shop, hangedman_decor_points, uniq_jessica
D:3:      layout_basic, kennysheep_cross_room, chequers_serial_rivers_room_b,
          minmay_joined_circles
D:4:      layout_loops_cross, grunt_temple_overflow_gold_and_silver,
          minmay_temple_entry_glass, serial_glass, glass_columns_c,
          glass_columns_c, minmay_bisected, uniq_robin, uniq_pikel
D:5:      layout_basic, regret_index_temple_of_mockery,
          nzn_overflow_gifts_of_might_and_magic, makhleb_grotto_becter,
          overflow_temple_1_default, enter_ossuary_5, uniq_crazy_yiuf_cottage
D:6:      layout_rooms, cheibrodos_worm_habitat, serial_demonic,
          serial_demonic_f, serial_demonic_a, serial_demonic_b,
          serial_demonic_d, serial_demonic_d, kennysheep_small_circle,
          uniq_sigmund, uniq_prince_ribbit1
D:7:      layout_basic, nicolae_wu_jian_immortal_techniques
D:8:      layout_cave_pods, lemuel_doored_altar, nicolae_shop_clearance
D:9:      layout_gridville, mainiacjoe_overflow_chevrons,
          mainiacjoe_overflow_brackets, ebering_ghost_funeral_grove,
          grunt_livestock, st_stairs_8, chequers_serial_rivers_small_b,
          kennysheep_generic_room_13
D:10:     layout_stronghold, erik_lair_island, guppyfry_shop_venom
D:11:     layout_big_octagon, portal_ice_cave_entry_pillars_1,
          kennysheep_nondescript, dreamdust_mushroom_princess, elyvilon_altar_1,
          uniq_nergalle, uniq_urug
D:12:     layout_stronghold, david_orc_1_choice
D:13:     layout_basic, erik_vaults_2, bh_circular_ruins
D:14:     layout_roguey, minmay_hedge_maze, uniq_frances
D:15:     grunt_enter_depths_magical_seal, layout_basic, uniq_agnes,
          uniq_jorgrun, uniq_rupert
Temple:   grunt_temple_mini_profane
Lair:1:   layout_loops_ring, lemuel_fruit_fields, uniq_erica
Lair:2:   layout_chaotic_city, minmay_swamp_entry_swarm, dummy_snake_entry,
          minivault_25, minivault_19, lemuel_fruit_fields
Lair:3:   layout_cave_pods, eino_house_with_fridge
Lair:4:   layout_gridlike, gauntlet_entry_generic, special_room
          [special_room_mythical_zoo], beast_lair_carwin_5, lemuel_fruit_fields,
          uniq_sonja
Lair:5:   minmay_lair_end_frog_pond, layout_small_grid,
          minmay_slime_entry_pillars, lemuel_old_faithful, serial_bayou_shore_b
Swamp:1:  layout_falls_marsh, evilmike_swamp_ruin_house_2, swamp_pool_1_2,
          water_boxes_lemuel, infiniplex_staircase_pool, uniq_nikola
Orc:1:    layout_caves, serial_shops, shop, nicolae_diamond_shop,
          nicolae_shop_behind_doors, guppyfry_library_mini
Orc:2:    grunt_orc_cross, layout_caves, basic_altar

Skill      XL: |  1  2  3  4  5  6  7  8  9 10 11 12 13 14 15 16 |
---------------+-------------------------------------------------+-----
Dodging        | 3 4 5 9 10 11 | 11.1
Stealth        | 8 9 10 13 14 15 | 15.9
Evocations     | 2 5 6 10 15 | 15.0
Invocations    | 1 5 6 9 10 13 15 | 15.0
Spellcasting   | 3 5 |  5.0
Poison Magic   | 4 5 |  5.0
Fighting       | 6 7 10 | 10.0
Short Blades   | 8 |  8.7
Translocations | 5 10 | 10.0
Throwing       | 5 |  5.0
Air Magic      | 5 |  5.0
Fire Magic     | 5 |  5.0
Necromancy     | 2 3 |  3.2

Action                     |  1- 3 |  4- 6 |  7- 9 | 10-12 | 13-15 | 16-18 || total
---------------------------+-------+-------+-------+-------+-------+-------++-------
  Melee: Short sword       |   101 |   160 |       |       |       |       ||   261
         Punch             |     3 |     5 |     8 |    18 |    60 |     3 ||    97
         Dagger            |       |   128 |   151 |       |       |       ||   279
         Whip              |       |    56 |   288 |       |       |       ||   344
         Quick blade       |       |       |       |  1316 |  4125 |   136 ||  5577
         Scimitar          |       |       |       |       |    58 |       ||    58
  Throw: Dart              |       |       |    13 |    10 |    60 |       ||    83
         Stone             |       |       |    15 |       |       |       ||    15
         Boomerang         |       |       |       |       |    22 |       ||    22
   Cast: Blink             |       |       |       |     1 |       |       ||     1
         Manifold Assault  |       |       |       |       |     2 |       ||     2
         Volatile Blastmot |       |       |       |       |     3 |       ||     3
 Invoke: Wall of Briars    |       |       |     1 |       |       |       ||     1
         Grow Ballistomyce |       |       |       |     1 |     3 |       ||     4
         Overgrow          |       |       |       |       |     9 |       ||     9
         Grow Oklob        |       |       |       |       |       |     2 ||     2
  Evoke: Wand              |       |     3 |     7 |    14 |    51 |     1 ||    76
         Tin of tremorston |       |       |       |       |     2 |       ||     2
         Phial of floods   |       |       |       |       |     2 |       ||     2
         Box of beasts     |       |       |       |       |     1 |       ||     1
    Use: Scroll            |       |       |    12 |     9 |    20 |       ||    41
         Potion            |       |       |     2 |     1 |    10 |       ||    13
   Stab: Sleeping          |     5 |    29 |    17 |    24 |    26 |     4 ||   105
         Distracted        |       |     1 |       |     1 |    15 |     1 ||    18
         Invisible         |       |     3 |     2 |       |     1 |       ||     6
         Confused          |       |       |       |     1 |     4 |       ||     5
         Paralysed         |       |       |       |     1 |     3 |       ||     4
 Armour: Robe              |     8 |    15 |    27 |       |       |       ||    50
         Acid dragon scale |       |       |       |    50 |   291 |       ||   341
         Swamp dragon scal |       |       |       |       |    23 |    11 ||    34
  Dodge: Dodged            |    54 |   250 |   469 |   502 |  1660 |    42 ||  2977

Table legend: (Time is in decaauts)
 A = Elapsed time spent in this place.
 B = Non-inter-level travel time spent in this place.
 C = Inter-level travel time spent in this place.
 D = Time resting spent in this place.
 E = Time spent auto-exploring this place.
 F = Levels seen in this place.
 G = Mean time per level.
                   A        B        C        D        E       F      G
               +--------+--------+--------+--------+--------+-----+--------+
         Total |  30468 |  29459 |   1009 |  14171 |   8151 |  26 | 1171.8 |
       Dungeon |  16619 |  16006 |    613 |   7231 |   5398 |  15 | 1107.9 |
        Temple |    150 |    136 |     14 |      0 |    131 |   1 |  150.0 |
          Lair |   9249 |   8907 |    342 |   4562 |   1787 |   5 | 1849.8 |
         Swamp |      5 |      5 |      0 |      0 |      0 |   1 |    5.0 |
  Orcish Mines |   2577 |   2538 |     39 |   1321 |    678 |   2 | 1288.5 |
       Ossuary |    541 |    541 |      0 |    267 |     21 |   1 |  541.0 |
      Ice Cave |   1325 |   1325 |      0 |    788 |    135 |   1 | 1325.0 |
               +--------+--------+--------+--------+--------+-----+--------+

Top non-repeatable levels by time:
  Lair:5: 2475 daAuts
  Lair:3: 2070 daAuts
    D:12: 2011 daAuts
  Lair:4: 2002 daAuts
   Orc:1: 1872 daAuts
     D:5: 1661 daAuts
    D:13: 1604 daAuts
  Lair:1: 1374 daAuts
    D:10: 1349 daAuts
  Lair:2: 1326 daAuts
   IceCv: 1325 daAuts
    D:14: 1243 daAuts
     D:7: 1211 daAuts
     D:4: 1156 daAuts
     D:6: 1132 daAuts

Action                     |  1- 3 |  4- 6 |  7- 9 | 10-12 | 13-15 | 16-18 || total
---------------------------+-------+-------+-------+-------+-------+-------++-------
  Melee: Short sword       |   101 |   160 |       |       |       |       ||   261
         Punch             |     3 |     5 |     8 |    18 |    60 |     3 ||    97
         Dagger            |       |   128 |   151 |       |       |       ||   279
         Whip              |       |    56 |   288 |       |       |       ||   344
         Quick blade       |       |       |       |  1316 |  4125 |   136 ||  5577
         Scimitar          |       |       |       |       |    58 |       ||    58
  Throw: Dart              |       |       |    13 |    10 |    60 |       ||    83
         Stone             |       |       |    15 |       |       |       ||    15
         Boomerang         |       |       |       |       |    22 |       ||    22
   Cast: Blink             |       |       |       |     1 |       |       ||     1
         Manifold Assault  |       |       |       |       |     2 |       ||     2
         Volatile Blastmot |       |       |       |       |     3 |       ||     3
 Invoke: Wall of Briars    |       |       |     1 |       |       |       ||     1
         Grow Ballistomyce |       |       |       |     1 |     3 |       ||     4
         Overgrow          |       |       |       |       |     9 |       ||     9
         Grow Oklob        |       |       |       |       |       |     2 ||     2
  Evoke: Wand              |       |     3 |     7 |    14 |    51 |     1 ||    76
         Tin of tremorston |       |       |       |       |     2 |       ||     2
         Phial of floods   |       |       |       |       |     2 |       ||     2
         Box of beasts     |       |       |       |       |     1 |       ||     1
    Use: Scroll            |       |       |    12 |     9 |    20 |       ||    41
         Potion            |       |       |     2 |     1 |    10 |       ||    13
   Stab: Sleeping          |     5 |    29 |    17 |    24 |    26 |     4 ||   105
         Distracted        |       |     1 |       |     1 |    15 |     1 ||    18
         Invisible         |       |     3 |     2 |       |     1 |       ||     6
         Confused          |       |       |       |     1 |     4 |       ||     5
         Paralysed         |       |       |       |     1 |     3 |       ||     4
 Armour: Robe              |     8 |    15 |    27 |       |       |       ||    50
         Acid dragon scale |       |       |       |    50 |   291 |       ||   341
         Swamp dragon scal |       |       |       |       |    23 |    11 ||    34
  Dodge: Dodged            |    54 |   250 |   469 |   502 |  1660 |    42 ||  2977

Levels and vault maps discovered:
D:1:      dpeg_arrival_court, layout_rooms
D:2:      layout_basic, dreamdust_ecumenical_altar_drowned_temple, serial_shops,
          shop, hangedman_decor_points, uniq_jessica
D:3:      layout_basic, kennysheep_cross_room, chequers_serial_rivers_room_b,
          minmay_joined_circles
D:4:      layout_loops_cross, grunt_temple_overflow_gold_and_silver,
          minmay_temple_entry_glass, serial_glass, glass_columns_c,
          glass_columns_c, minmay_bisected, uniq_robin, uniq_pikel
D:5:      layout_basic, regret_index_temple_of_mockery,
          nzn_overflow_gifts_of_might_and_magic, makhleb_grotto_becter,
          overflow_temple_1_default, enter_ossuary_5, uniq_crazy_yiuf_cottage
D:6:      layout_rooms, cheibrodos_worm_habitat, serial_demonic,
          serial_demonic_f, serial_demonic_a, serial_demonic_b,
          serial_demonic_d, serial_demonic_d, kennysheep_small_circle,
          uniq_sigmund, uniq_prince_ribbit1
D:7:      layout_basic, nicolae_wu_jian_immortal_techniques
D:8:      layout_cave_pods, lemuel_doored_altar, nicolae_shop_clearance
D:9:      layout_gridville, mainiacjoe_overflow_chevrons,
          mainiacjoe_overflow_brackets, ebering_ghost_funeral_grove,
          grunt_livestock, st_stairs_8, chequers_serial_rivers_small_b,
          kennysheep_generic_room_13
D:10:     layout_stronghold, erik_lair_island, guppyfry_shop_venom
D:11:     layout_big_octagon, portal_ice_cave_entry_pillars_1,
          kennysheep_nondescript, dreamdust_mushroom_princess, elyvilon_altar_1,
          uniq_nergalle, uniq_urug
D:12:     layout_stronghold, david_orc_1_choice
D:13:     layout_basic, erik_vaults_2, bh_circular_ruins
D:14:     layout_roguey, minmay_hedge_maze, uniq_frances
D:15:     grunt_enter_depths_magical_seal, layout_basic, uniq_agnes,
          uniq_jorgrun, uniq_rupert
Temple:   grunt_temple_mini_profane
Lair:1:   layout_loops_ring, lemuel_fruit_fields, uniq_erica
Lair:2:   layout_chaotic_city, minmay_swamp_entry_swarm, dummy_snake_entry,
          minivault_25, minivault_19, lemuel_fruit_fields
Lair:3:   layout_cave_pods, eino_house_with_fridge
Lair:4:   layout_gridlike, gauntlet_entry_generic, special_room
          [special_room_mythical_zoo], beast_lair_carwin_5, lemuel_fruit_fields,
          uniq_sonja
Lair:5:   minmay_lair_end_frog_pond, layout_small_grid,
          minmay_slime_entry_pillars, lemuel_old_faithful, serial_bayou_shore_b
Swamp:1:  layout_falls_marsh, evilmike_swamp_ruin_house_2, swamp_pool_1_2,
          water_boxes_lemuel, infiniplex_staircase_pool, uniq_nikola
Orc:1:    layout_caves, serial_shops, shop, nicolae_diamond_shop,
          nicolae_shop_behind_doors, guppyfry_library_mini
Orc:2:    grunt_orc_cross, layout_caves, basic_altar
